 Dungeon Crawl Stone Soup version 0.20-a0-1065-g8446734 (webtiles) character file.

2226 kuniqs the Arsonist (level 9, -4/67 HPs)
             Began as a Gnoll Fire Elementalist on Apr 28, 2017.
             Was an Initiate of Vehumet.
             Killed from afar by Dowan (16 damage)
             ... with a shard of ice
             ... on level 6 of the Dungeon.
             The game lasted 00:15:20 (5449 turns).

kuniqs the Arsonist (Gnoll Fire Elementalist)       Turns: 5449, Time: 00:15:20

Health: -4/67      AC:  4    Str:  8      XL:     9   Next: 36%
Magic:  1/21       EV: 13    Int: 20      God:    Vehumet [......]
Gold:   244        SH:  0    Dex: 13 (14) Spells: 12/25 levels left

rFire    + . .     SeeInvis .   y - +0 long sword (curse)
rCold    + . .     Gourm    .   (no shield)
rNeg     . . .     Faith    .   w - +2 robe {rF+}
rPois    .         Spirit   .   (no helmet)
rElec    .         Reflect  .   (no cloak)
rCorr    +         Harm     .   (no gloves)
MR       .....                  (no boots)
Stlth    ++........             (no amulet)
Regen    0.3/turn               r - +2 ring of intelligence
MPRegen  0.2/turn               o - ring of resist corrosion

@: no status effects
A: short attention span, fangs 1, hooves 1, cold resistance 1, subdued magic 1,
strong nose
a: Renounce Religion


You were on level 6 of the Dungeon.
You worshipped Vehumet.
Vehumet was noncommittal.
You were not hungry.

You visited 2 branches of the dungeon, and saw 7 of its levels.

You collected 244 gold pieces.

Inventory:

Hand Weapons
 t - a +0 long sword
 u - a +0 short sword of venom
 y - a cursed +0 long sword (weapon)
Armour
 w - a +2 robe of fire resistance (worn)
Jewellery
 o - a ring of resist corrosion (right hand)
 r - a +2 ring of intelligence (left hand)
Wands
 a - a wand of iceblast (7/15)
Scrolls
 h - 2 scrolls of teleportation {unknown}
 i - a scroll of immolation {unknown}
 j - a scroll of enchant armour {unknown}
 k - a scroll of amnesia {unknown}
 m - 4 scrolls of identify {unknown}
 p - 5 scrolls of remove curse {unknown}
 v - a scroll of random uselessness {unknown}
Potions
 e - a potion of heal wounds {unknown}
 g - 2 potions of curing {@q1}
 l - a potion of cancellation {unknown}
 q - 3 potions of agility
 s - a potion of mutation {unknown}
 x - 2 potions of berserk rage
Books
 b - a book of Flames

   Spells                             Type                      Level
   a - Flame Tongue                   Conjuration/Fire             1
   b - Throw Flame                    Conjuration/Fire             2
   c - Conjure Flame                  Conjuration/Fire             3
   d - Inner Flame                    Hexes/Fire                   3
   e - Sticky Flame                   Conjuration/Fire             4
   f - Fireball                       Conjuration/Fire             5
 z - a book of Misfortune

   Spells                             Type                      Level
   a - Confusing Touch                Hexes                        1
   b - Confuse                        Hexes                        3
   c - Gell's Gravitas                Translocation                3
   d - Petrify                        Transmutation/Earth          4
   e - Metabolic Englaciation         Hexes/Ice                    5
   f - Yara's Violent Unravelling     Hexes/Transmutation          5
Comestibles
 d - 5 bread rations
 f - a fruit
 n - a royal jelly


   Skills:
 + Level 4.8 Fighting
 - Level 3.0 Dodging
 - Level 2.6 Stealth
 + Level 8.9 Spellcasting
 + Level 8.6 Conjurations
 + Level 9.2 Fire Magic


You had 12 spell levels left.
You knew the following spells:

 Your Spells              Type           Power        Failure   Level  Hunger
a - Flame Tongue          Conj/Fire      ####.        1%          1    None
b - Sticky Flame          Conj/Fire      ####....     1%          4    ###....
c - Fireball              Conj/Fire      ####......   4%          5    #####..
d - Conjure Flame         Conj/Fire      ####....     1%          3    None


Dungeon Overview and Level Annotations

Branches:
Dungeon (6/15)             Temple (1/1) D:6

Altars:
Ashenzari
Cheibriados
Elyvilon
Fedhas
Gozag
Hepliaklqana
Kikubaaqudgha
Makhleb
Nemelex Xobeh
Okawaru
Ru
Sif Muna
Trog
Uskayaw
Vehumet
Wu Jian
Xom
Yredelemnul
The Shining One

Annotations:
D:6 Dowan


Innate Abilities, Weirdness & Mutations

You have a short attention span.
You have very sharp teeth.
Your uncanny sense of smell can sniff out nearby items.
You have large cloven feet.
Your flesh is cold resistant. (rC+)
Your spells are a little easier to cast, but a little less powerful.


Message History

Things that are here:
a dagger; a robe
Okay, then.
Duvessa misses you.
Dowan mumbles some strange words.
Dowan blinks!
Dowan hits you with a vampiric dagger.
* * * LOW HITPOINT WARNING * * *
Duvessa hits you but does no damage.
The mass of ice explodes!
The iceblast engulfs Dowan.
The iceblast engulfs Duvessa.
You kill Duvessa!
Vehumet accepts your kill.
Dowan's eyes darken. "You have made a black mistake."
Dowan seems to find hidden reserves of power!
You feel your dexterity returning.
Evoking this partially-identified wand wasted a few charges.
Dowan casts a spell at you. The shard of ice hits you! You partially resist.
You die...

#.#.###.# ##...## #.#
#.......# ##'## #.#
###.###.# #.# #.#
....>...#######.# #.#
###...........#.## #.#
###########....###########.#
#................#
#..e..############ #...@.#
###)### #.# #)# #.#
#.######### #...e).....
#..#####!.# #[.#


You could see Dowan.

Vanquished Creatures
  Grinder (D:5)
  Duvessa (D:6)
  3 ice beasts
  A sky beast (D:5)
  An ogre (D:6)
  4 centaurs
  Blork the orc (D:4)
  A bullfrog (D:6)
  2 scorpions
  2 quasits
  A jelly (D:4)
  A bullfrog zombie (D:5)
  A hound (D:5)
  3 orc priests
  6 orc wizards
  Ijyb (D:5)
  2 bullfrog skeletons
  A worker ant (D:5)
  Natasha (thrice) (D:2)
  3 iguanas
  A killer bee zombie (D:5)
  A hound zombie (D:5)
  2 hound skeletons (D:4)
  6 adders
  2 shadow imps
  An ooze (D:5)
  3 dart slugs
  2 worms (D:2)
  5 leopard geckos
  16 orcs
  6 bats
  2 giant cockroaches
  12 hobgoblins
  4 jackals
  A quokka (D:4)
  2 ball pythons
  A ball python skeleton (D:5)
  4 frilled lizards
  12 goblins
  9 kobolds
  8 rats
139 creatures vanquished.

Notes
Turn   | Place    | Note
-------+----------+-------------------------------------------
     0 | D:1      | kuniqs the Gnoll Fire Elementalist began the quest for the Orb.
     0 | D:1      | Reached XP level 1. HP: 13/13 MP: 4/4
   221 | D:1      | Reached XP level 2. HP: 19/19 MP: 0/6
   892 | D:2      | Noticed Natasha
   897 | D:2      | Killed Natasha
   897 | D:2      | Reached skill level 5 in Fire Magic
   897 | D:2      | Reached XP level 3. HP: 24/24 MP: 3/8
  1116 | D:2      | Noticed Natasha
  1122 | D:2      | Killed Natasha
  1122 | D:2      | Reached XP level 4. HP: 17/30 MP: 5/10
  1180 | D:2      | Noticed Natasha
  1732 | D:2      | Killed Natasha
  1732 | D:2      | Reached skill level 6 in Fire Magic
  1732 | D:2      | Reached XP level 5. HP: 35/35 MP: 8/12
  1860 | D:2      | Reached skill level 5 in Spellcasting
  2046 | D:3      | Learned a level 4 spell: Sticky Flame
  2747 | D:4      | Found a sparkling altar of Nemelex Xobeh.
  2755 | D:4      | Reached XP level 6. HP: 41/41 MP: 9/14
  2932 | D:4      | Reached skill level 5 in Conjurations
  2932 | D:4      | Reached skill level 7 in Fire Magic
  3236 | D:4      | Noticed Blork the orc
  3244 | D:4      | Killed Blork the orc
  3251 | D:4      | Reached XP level 7. HP: 17/46 MP: 0/16
  3491 | D:5      | Entered Level 5 of the Dungeon
  3502 | D:5      | Learned a level 5 spell: Fireball
  3728 | D:5      | Noticed Grinder
  3745 | D:5      | Reached skill level 8 in Fire Magic
  4153 | D:5      | Reached XP level 8. HP: 52/52 MP: 17/19
  4252 | D:5      | Gained mutation: Your spells are a little easier to cast, but a little less powerful. [mutagenic meat]
  4253 | D:5      | Gained mutation: You have large cloven feet. [mutagenic meat]
  4254 | D:5      | Gained mutation: You are weak. (Str -2) [mutagenic meat]
  4255 | D:5      | Lost mutation: You are weak. (Str -2) [mutagenic meat]
  4256 | D:5      | Gained mutation: Your flesh is cold resistant. (rC+) [mutagenic meat]
  4354 | D:5      | Noticed Ijyb
  4359 | D:5      | Killed Ijyb
  4776 | D:5      | Reached skill level 1 in Fighting
  5016 | D:5      | Killed Grinder
  5146 | D:6      | Reached XP level 9. HP: 64/64 MP: 14/21
  5162 | D:6      | Learned a level 3 spell: Conjure Flame
  5177 | D:6      | Reached skill level 9 in Fire Magic
  5376 | D:6      | Found a staircase to the Ecumenical Temple.
  5382 | Temple   | Entered the Ecumenical Temple
  5391 | Temple   | Became a worshipper of Vehumet
  5430 | D:6      | Noticed Duvessa
  5434 | D:6      | Noticed Dowan
  5449 | D:6      | Killed Duvessa
  5449 | D:6      | Killed from afar by Dowan

Vault maps used:
D:1:      saegor_arrival_simple_b
D:2:      first_bread, uniq_natasha
D:4:      cheibrodos_greedy_goblins, nemelex_xobeh_ov_fountains_minmay,
          uniq_blork_the_orc
D:5:      uniq_grinder, uniq_ijyb
D:6:      grunt_temple_overflow_open, minmay_temple_entry_enclosed_plants,
          portal_sewer_entry_d, uniq_duvessa
Temple:   nicolae_temple_no_exploring_needed

Skill      XL: |  1  2  3  4  5  6  7  8  9 |
---------------+----------------------------+-----
Conjurations   | 2 3 4 5 7 8 |  8.6
Spellcasting   | 4 5 6 7 8 |  8.9
Fire Magic     | 5 6 7 8 9 |  9.2
Fighting       | 3 4 |  4.8
Dodging        | |  3.0
Stealth        | |  2.6

Action                   |  1- 3 |  4- 6 |  7- 9 || total
-------------------------+-------+-------+-------++-------
Melee: Short sword       |    19 |    44 |    30 ||    93
       Bite              |     2 |     1 |     5 ||     8
       Kick              |       |       |     5 ||     5
       Long sword        |       |       |     1 ||     1
 Cast: Flame Tongue      |    40 |   106 |   123 ||   269
       Sticky Flame      |       |     2 |     9 ||    11
       Fireball          |       |       |    10 ||    10
Evoke: Wand              |       |       |     1 ||     1
  Use: Potion            |       |       |     3 ||     3
 Stab: Sleeping          |     1 |     5 |     2 ||     8
  Eat: Chunk             |       |     7 |    15 ||    22
Armor: Robe              |     1 |     6 |    22 ||    29
Dodge: Dodged            |    29 |    36 |    80 ||   145
       Rpst.: Long sword |       |       |     4 ||     4
